 Dungeon Crawl Stone Soup version 0.24.0-123-gd5b16e6ec5 (webtiles) character file.

Game seed: 12607156949382435152, levelgen mode: deterministic

173 AuftragZ the Chopper (level 5, 0/40 HPs)
             Began as a Draconian Skald on Jan 30, 2020.
             Was an Initiate of Makhleb.
             Slain by an orc
             ... wielding a +0 mace
              (9 damage)
             ... on level 3 of the Dungeon.
             The game lasted 00:10:41 (3207 turns).

AuftragZ the Chopper (Draconian Skald)              Turns: 3207, Time: 00:10:42

Health: 0/40       AC:  5    Str: 12 (14) XL:     5   Next: 28%
Magic:  2/8        EV: 13    Int: 14      God:    Makhleb [......]
Gold:   91         SH:  0    Dex: 11 (12) Spells: 3/8 levels left

rFire    . . .     SeeInvis .   a - +1 hand axe
rCold    + . .     Gourm    .   (no shield)
rNeg     . . .     Faith    .   (armour unavailable)
rPois    .         Spirit   .   (helmet restricted)
rElec    .         Reflect  .   (no cloak)
rCorr    .         Harm     .   (no gloves)
MR       .....                  (no boots)
Stlth    +.........             (no amulet)
HPRegen  0.13/turn              f - ring of protection from cold
MPRegen  0.11/turn              h - ring of flight

@: singing (expiring), very slightly contaminated
A: unfitting armour, agile 1, deterioration 1, frail 1, cold-blooded, AC +5
a: Renounce Religion, Evoke Flight


You were on level 3 of the Dungeon.
You worshipped Makhleb.
Makhleb was noncommittal.
You were hungry.

You visited 1 branch of the dungeon, and saw 3 of its levels.

You collected 91 gold pieces.

Inventory:

Hand Weapons
 a - a +1 hand axe (weapon)
Jewellery
 f - a ring of protection from cold (left hand)
 h - a ring of flight (right hand)
Potions
 b - 2 potions of haste
Comestibles
 c - 3 rations


   Skills:
 + Level 3.0 Fighting
 + Level 3.7 Axes
 + Level 3.0 Dodging
 + Level 0.7 Stealth
 + Level 2.2 Spellcasting
 + Level 3.3 Charms
 + Level 0.1 Translocations


You had 3 spell levels left.
You knew the following spells:

 Your Spells              Type           Power        Failure   Level  Hunger
a - Infusion              Chrm           ##..         6%          1    #......
b - Song of Slaying       Chrm           ##......     9%          2    ###....
c - Shroud of Golubria    Chrm/Tloc      #.....       17%         2    ###....

Your spell library contained the following spells:

 Spells                   Type           Power        Failure   Level  Hunger
 Regeneration             Chrm/Necr      #.........   34%         3    ###....
 Spectral Weapon          Hex/Chrm       #.......     34%         3    ###....


Dungeon Overview and Level Annotations

Branches:
Dungeon (3/15)

Altars:
Makhleb
Trog
Vehumet


Innate Abilities, Weirdness & Mutations

Your plain brown scales are hard. (AC +5)
You cannot fit into any form of body armour.
You are cold-blooded and may be slowed by cold attacks.
You are agile. (Dex +2)
Your body sometimes deteriorates upon taking damage.
You are frail. (-10% HP)


Message History

The orc wizard is almost dead.
You barely miss the orc wizard.
The orc wizard hits you with a +0 dagger.
The orc wizard hits you but does no damage.
You hit the orc wizard.
You kill the orc wizard!
Makhleb accepts your kill.
Your Fighting skill increases to level 3!
Your Dodging skill increases to level 3!
You miss the orc wizard.
The orc wizard hits you with a +0 dagger.
* * * LOW HITPOINT WARNING * * *
The orc hits you with a +0 mace.
* * * LOW HITPOINT WARNING * * *
You hit the orc but do no damage.
Your tail-slap misses the orc.
You closely miss the orc wizard.
Your song is almost over.
The orc wizard hits you but does no damage.
The orc hits you with a +0 mace!
You die...

###.(##.# #.......#
#.#...#.# #.#...#.#
#.#...#.# #.#<..#.#
#.....#.#
############...########
#...oo@o.....>........รท
#.##########.#.########
#...# #####


You could see an orc wizard and 2 orcs.

Vanquished Creatures
  An orc wizard (D:3)
  A hound (D:2)
  Natasha (D:3)
  Terence (D:3)
  2 oozes
  2 worms (D:2)
  5 leopard geckos
  2 orcs (D:3)
  2 giant cockroaches
  11 goblins
  4 hobgoblins
  A ball python (D:2)
  3 bats
  3 frilled lizards
  4 kobolds
  4 rats
47 creatures vanquished.

Notes
Turn   | Place    | Note
-------+----------+-------------------------------------------
     0 | D:1      | AuftragZ the Draconian Skald began the quest for the Orb.
     0 | D:1      | Reached XP level 1. HP: 17/17 MP: 3/3
   123 | D:1      | Reached XP level 2. HP: 13/24 MP: 5/5
   803 | D:1      | Learned a level 2 spell: Song of Slaying
   806 | D:1      | Learned a level 2 spell: Shroud of Golubria
  1220 | D:2      | Reached XP level 3. HP: 29/30 MP: 6/6
  1320 | D:2      | Found a radiant altar of Vehumet.
  1331 | D:2      | Gained mutation: Your body sometimes deteriorates upon
                  | taking damage. [potion of mutation]
  1331 | D:2      | Gained mutation: You expend magic power (3 MP) to
                  | strengthen your wands. [potion of mutation]
  1331 | D:2      | Gained mutation: Your spells are a little harder to cast,
                  | but a little more powerful. [potion of mutation]
  1686 | D:2      | Lost mutation: You expend magic power (3 MP) to strengthen
                  | your wands. [potion of mutation]
  1686 | D:2      | Lost mutation: Your spells are a little harder to cast, but
                  | a little more powerful. [potion of mutation]
  1686 | D:2      | Gained mutation: You are frail. (-10% HP) [potion of
                  | mutation]
  1686 | D:2      | Gained mutation: You are agile. (Dex +2) [potion of
                  | mutation]
  1784 | D:2      | Reached XP level 4. HP: 8/33 MP: 4/7
  2049 | D:2      | Found a burning altar of Makhleb.
  2057 | D:2      | Became a worshipper of Makhleb the Destroyer
  2324 | D:3      | Found a bloodstained altar of Trog.
  2721 | D:3      | Noticed Terence
  2732 | D:3      | Killed Terence
  2992 | D:3      | Noticed Natasha
  3003 | D:3      | Killed Natasha
  3003 | D:3      | Reached XP level 5. HP: 22/39 MP: 4/8
  3207 | D:3      | Slain by an orc

Levels and vault maps discovered:
D:1:      dpeg_arrival_simpleton_b, layout_loops_ring,
          minmay_misc_feat_secret_circle
D:2:      layout_loops_ring, makhleb_blood_cavern_becter,
          lemuel_coloured_pillars_altar
D:3:      layout_basic, bloody_trog, uniq_terence, uniq_sigmund, uniq_jessica,
          uniq_crazy_yiuf_cottage, uniq_natasha

Skill      XL: |  1  2  3  4  5 |
---------------+----------------+-----
Charms         | 3 |  3.3
Axes           | 3 |  3.7
Fighting       | 3 |  3.0
Dodging        | 3 |  3.0
Stealth        | |  0.7
Spellcasting   | |  2.2
Translocations | |  0.1

Action                   |  1- 3 |  4- 6 || total
-------------------------+-------+-------++-------
Melee: Hand axe          |   106 |    47 ||   153
       Tailslap          |     8 |     4 ||    12
 Cast: Shroud of Golubri |     1 |     3 ||     4
       Infusion          |       |     2 ||     2
       Song of Slaying   |       |     2 ||     2
  Use: Potion            |     7 |     3 ||    10
       Scroll            |     5 |     1 ||     6
 Stab: Sleeping          |       |     1 ||     1
  Eat: Chunk             |     2 |     5 ||     7
Armor: Skin              |    33 |    18 ||    51
Dodge: Dodged            |    82 |    28 ||   110
